 Dungeon Crawl Stone Soup version 0.14-a0-2474-g7d54a28 (webtiles) character file.

416 Duskembrace the Chopper (level 6, -1/52 HPs)
             Began as a Lava Orc Fighter on Feb 8, 2014.
             Slain by an ogre
             ... wielding a +0,+0 giant club
              (6 damage)
             ... on Level 4 of the Dungeon.
             The game lasted 00:08:22 (2012 turns).

Duskembrace the Chopper (Lava Orc Fighter)          Turns: 2012, Time: 00:08:23

HP  -1/52        AC 12     Str 21      XL: 6   Next: 11%
MP   6/6         EV  4     Int  8      God:
Gold 121         SH 18     Dex 10      Spells:  0 memorised,  5 levels left

rFire  + + .     SeeInvis .     r - +3,+2 dwarf war axe
rCold  . . .     Clarity  .     y - +3 dwarf chain mail
rNeg   . . .     Conserve .     c - +0 orc shield
rPois  .         rCorr    .     (no helmet)
rElec  .         rRot     .     (no cloak)
SustAb . .       Spirit   .     (no gloves)
rMut   .         Warding  .     (no boots)
Saprov + . .     Stasis   .     (no amulet)
MR     .....                    (no ring)
                                (no ring)

@: heavily drained, not resistant to hostile enchantments, extremely unstealthy
A: conserve scrolls, saprovore 1
a: no special abilities


You were on level 4 of the Dungeon.
You were not hungry.

You visited 1 branch of the dungeon, and saw 4 of its levels.

You collected 121 gold pieces.

Inventory:

Hand weapons
 a - a +0,+0 orcish hand axe
 r - a +3,+2 dwarven war axe (weapon)
 u - a +0,+1 hand axe of venom
Missiles
 i - 35 darts (quivered)
Armour
 c - a +0 orcish shield (worn)
 y - a +3 dwarven chain mail (worn)
Magical devices
 F - a wand of draining (0)
Comestibles
 d - a meat ration
 f - 2 bread rations
 p - a lychee
 B - a slice of pizza
 D - 2 chunks of giant frog flesh
 E - a pear
 G - 2 chokos
Scrolls
 e - 2 scrolls of immolation {unknown}
 g - 3 scrolls of enchant armour {unknown}
 k - 2 scrolls of enchant weapon II {unknown}
 m - 4 scrolls of identify {unknown}
 n - 2 scrolls of teleportation {unknown}
 o - 2 scrolls of remove curse {unknown}
 v - a scroll of fear {unknown}
 C - a scroll of magic mapping {unknown}
Jewellery
 j - an uncursed amulet of faith {unknown}
 w - an uncursed amulet of stasis {unknown}
Potions
 b - a potion of curing {unknown}
 h - a potion of restore abilities {unknown}
 l - a potion of agility {unknown}
 q - a potion of confusion {unknown}
 s - a potion of poison {unknown}
 t - a potion of heal wounds
 x - a potion of resistance {unknown}
 z - a potion of invisibility {unknown}
 A - a potion of mutation {unknown}
 H - a potion of lignification {unknown}


   Skills:
 - Level 3.7(2.4) Fighting
 + Level 7.6(6.2) Axes
 - Level 3.2(1.9) Armour
 - Level 0.7(0.0) Dodging
 - Level 3.2(1.9) Shields


You had 5 spell levels left.
You didn't know any spells.

Dungeon Overview and Level Annotations

Branches:
Dungeon (4/16)
 Temple: D:4-7

Altars:
Trog


Innate Abilities, Weirdness & Mutations

You have stony skin.
Your flesh is very heat resistant.
Your lava-based spells are more powerful.
Your flesh is vulnerable to cold.
Your heat harms attackers.
You bathe your surroundings in blazing heat.
You are too hot to use scrolls.
You are very good at protecting items from fire.
You can tolerate rotten meat.


Message History

Your skin cools and hardens.
You continue butchering the corpse.
You finish butchering the giant frog corpse.
D - 2 chunks of giant frog flesh An ogre comes into view.
It is wielding a giant club.
The ogre shouts!
The ogre moves out of view.
G - 2 chokos (gained 1)
You slash the ogre!
The ogre is heavily wounded.
The ogre hits you with a giant club!
You hit the ogre.
The ogre is heavily wounded.
The ogre hits you with a giant club!
* * * LOW HITPOINT WARNING * * *
You barely miss the ogre.
The ogre is heavily wounded.
Your stony skin melts.
The ogre hits you with a giant club.
You die...

#...(...........
..##................
#......<...........
#..................
+.............>.....
#...##..............
#... ##.#...####....
.. #..#....###.....
##.#...@O.......
..#.##.##......
#.#.##.. ....
....... ..# #.#
##.#. # .. .... #
##...


You could see an ogre.

Vanquished Creatures
  The ghost of lauthentik the Chucker, an average OgHu (D:3)
  A giant frog (D:4)
  Ijyb (D:3)
  5 adders
  A worm (D:3)
  An orc (D:3)
  8 giant cockroaches
  9 goblins
  7 hobgoblins
  12 jackals
  2 ball pythons
  6 bats
  4 giant newts
  6 kobolds
  6 rats
70 creatures vanquished.

Notes
Turn   | Place    | Note
--------------------------------------------------------------
     0 | D:1      | Duskembrace, the Lava Orc Fighter, began the quest for the Orb.
     0 | D:1      | Reached XP level 1. HP: 19/19 MP: 1/1
   168 | D:1      | Reached XP level 2. HP: 27/27 MP: 2/2
   696 | D:2      | Reached XP level 3. HP: 30/33 MP: 3/3
   806 | D:2      | Reached skill level 4 in Axes
  1002 | D:2      | Reached skill level 5 in Axes
  1002 | D:2      | Reached XP level 4. HP: 26/40 MP: 4/4
  1426 | D:3      | Noticed lauthentik's ghost (average OgHu)
  1438 | D:3      | Killed lauthentik's ghost
  1438 | D:3      | Reached skill level 6 in Axes
  1438 | D:3      | Reached XP level 5. HP: 43/46 MP: 5/5
  1621 | D:3      | Noticed Ijyb
  1648 | D:3      | Killed Ijyb
  1777 | D:3      | Reached skill level 7 in Axes
  1826 | D:3      | Found a bloodstained altar of Trog.
  1999 | D:4      | Reached XP level 6. HP: 40/52 MP: 6/6
  2006 | D:4      | Noticed an ogre
  2012 | D:4      | Slain by an ogre

Action                   |  1- 3 |  4- 6 || total
-------------------------+-------+-------++-------
Melee: Hand axe          |    66 |       ||    66
       War axe           |    49 |   111 ||   160
  Use: Potion            |       |     1 ||     1
